 Dungeon Crawl Stone Soup version 0.29.1-15-g9cfb28693d (webtiles) character file.

Game seed: 16783645206130799766

66 booth the Chopper (level 3, 0/28 HPs)
             Began as a Demonspawn Gladiator on Apr 23, 2023.
             Was a Follower of Wu Jian.
             Slain by an iguana (9 damage)
             ... on level 3 of the Dungeon.
             The game lasted 00:15:20 (3040 turns).

booth the Chopper (Demonspawn Gladiator)            Turns: 3040, Time: 00:15:20

Health: 0/28       AC:  5    Str: 16    XL:     3   Next: 96%
Magic:  0/3        EV: 12    Int:  9    God:    Wu Jian [*.....]
Gold:   83         SH:  5    Dex: 14    Spells: 2/2 levels left

rFire   . . .      SeeInvis .   a - +1 war axe
rCold   . . .      Faith    .   (no shield)
rNeg    . . .      Spirit   +   b - +0 leather armour
rPois   .          Reflect  +   o - +2 hat
rElec   .          Harm     .   (no cloak)
rCorr   .          Rampage  .   (no gloves)
Will    .....                   (no boots)
Stlth   +.........              j - amulet of reflection
HPRegen 0.09/turn               (no ring)
MPRegen 0.16/turn               (no ring)

@: no status effects
A: magic shield, magic regeneration
a: Renounce Religion


You were on level 3 of the Dungeon.
You worshipped Wu Jian.
Wu Jian was aware of your devotion.
You visited 1 branch of the dungeon, and saw 3 of its levels.

You collected 83 gold pieces.

Inventory:

Hand Weapons
 a - a +1 war axe (weapon)
 i - a +0 mace
Missiles
 d - 3 throwing nets (quivered)
 e - a javelin
 f - 3 poisoned darts
Armour
 b - a +0 leather armour (worn)
 o - a +2 hat (worn)
 q - the +7 plate armour of Uvvoleohi {+Inv rF+ rCorr}
   (You found it on level 2 of the Dungeon)

   rF:        It protects you from fire.
   +Inv:      It lets you turn invisible.
   rCorr:     It protects you from acid and corrosion.
Jewellery
 j - an amulet of reflection (around neck)
 r - a ring of poison resistance
Scrolls
 c - a scroll of identify
Potions
 l - 2 potions of magic {unknown}
 m - a potion of brilliance
 n - a potion of haste
 p - a potion of heal wounds


   Skills:
 + Level 2.5 Fighting
 * Level 3.4 Axes
 + Level 2.2 Throwing
 + Level 0.2 Armour
 + Level 3.1 Dodging


You had 2 spell levels left.
You didn't know any spells.
Your spell library contained the following spells:

 Spells                   Type           Power      Damage    Failure   Level
 Inner Flame              Hex/Fire       0%         N/A       83%         3
 Cause Fear               Hex            0%         N/A       99%         4
 Discord                  Hex            0%         N/A       100%        8


Dungeon Overview and Level Annotations

Branches:
Dungeon (3/15)

Altars:
Qazlal
Wu Jian


Innate Abilities, Weirdness & Mutations

When hurt, damage is shared between your health and your magic reserves.
You regenerate magic rapidly.


Message History

Found 8 gold pieces.
Found a stone staircase leading up.
Found a whip.
A rat comes into view.
You see here 8 gold pieces.
You now have 83 gold pieces (gained 8).
You lunge at the rat.
You hit the rat but do no damage. The rat closely misses you.
You slash the rat!
You kill the rat!
The Council accepts your kill.
An iguana comes into view.
The iguana hisses angrily.
You spin to attack the iguana, but your attack speed is too slow for a blow to land.
The iguana bites you!
You spin and attack the iguana.
You slash the iguana!
The iguana is heavily wounded.
The iguana bites you!
You hit the iguana.
The iguana is severely wounded.
The iguana barely misses you.
You hit the iguana.
The iguana is almost dead.
The iguana bites you but does no damage.
You spin and attack the iguana.
You barely miss the iguana.
The iguana is almost dead.
The iguana bites you.
You spin and attack the iguana.
You barely miss the iguana.
The iguana is almost dead.
The iguana barely misses you.
You closely miss the iguana.
The iguana is almost dead.
You block the iguana's attack. The iguana bites you.
You barely miss the iguana.
The iguana is almost dead.
The iguana barely misses you.
You closely miss the iguana.
The iguana is almost dead.
The iguana bites you!
You die...

....##..#....#..# #.
................####. .
....##..#...#.....##.
..........#...#...####.
.......................
..##.......##.######.
.....##.#####.# #.
.###.##.# #.# #.
#@...#####.######.
#l####............ #.#
#####.####### #.# #.#
### ###


You could see an iguana.

Vanquished Creatures
  2 adders (D:3)
  2 worms
  An orc (D:2)
  4 ball pythons
  4 bats
  3 endoplasms (D:1)
  2 giant cockroaches
  2 goblins (D:2)
  3 hobgoblins (D:2)
  2 quokkas
  3 frilled lizards
  7 kobolds
  8 rats
  2 bushes (D:1)
45 creatures vanquished.

Vanquished Creatures (others)
  10 plants (D:1)
10 creatures vanquished.

Grand Total: 55 creatures vanquished

Notes
Turn   | Place    | Note
-------+----------+-------------------------------------------
     0 | D:1      | booth the Demonspawn Gladiator began the quest for the Orb.
     0 | D:1      | Reached XP level 1. HP: 16/16 MP: 1/1
   551 | D:1      | Gained mutation: You regenerate magic rapidly. [demonic
                  | ancestry]
   551 | D:1      | Reached XP level 2. HP: 20/22 MP: 2/2
  1747 | D:2      | Gained mutation: When hurt, damage is shared between your
                  | health and your magic reserves. [demonic ancestry]
  1747 | D:2      | Reached XP level 3. HP: 24/28 MP: 3/3
  1883 | D:2      | Found a stormy altar of Qazlal.
  1917 | D:2      | Identified the +7 plate armour of Uvvoleohi {+Inv rF+
                  | rCorr}
  2582 | D:3      | Found a faded altar of an unknown god.
  2586 | D:3      | Prayed at the altar of an unknown god.
  2586 | D:3      | Became a worshipper of the Wu Jian Council
  2586 | D:3      | Reached * piety under Wu Jian
  3040 | D:3      | Slain by an iguana

Illustrated notes

Levels and vault maps discovered:
D:1:      minmay_arrival_doors, layout_loops_ring, lexackson_kobold_supper
D:2:      layout_basic, basic_altar
D:3:      layout_basic, zin_statuary, shapermc_ecumenical_altar_mp_ritualfount

Skill      XL: |  1  2 |
---------------+-------+-----
Throwing       | 2 |  2.2
Axes           | 3 |  3.4
Dodging        | 3 |  3.1
Fighting       | |  2.5
Armour         | |  0.2

Action                   || total
-------------------------++-------
Melee: War axe           ||   306
       Punch             ||     4
Invok: Whirlwind         ||    10
       Lunge             ||     3
  Use: Scroll            ||     8
       Potion            ||     1
 Stab: Sleeping          ||     1
Armor: Leather armour    ||    41
Dodge: Dodged            ||    82
Block: Other             ||    18
